[Event "Titled Tuesday Blitz April 11 Early 2023"]
[White "Le, Tuan Minh"]
[Black "Corrales Jimenez, Fidel"]
[WhiteFideId "12401153"]
[BlackFideId "3506690"]
[WhiteElo "2566"]
[BlackElo "2541"]
[Result "0-1"]
[Round "07"]
[TimeControl "180+2"]
[Date "2023.04.11"]
[WhiteClock "0:00:05"]
[BlackClock "0:00:17"]

1. d4 Nf6 2. Nf3 e6 3. Bf4 Bd6 4. Bg3 O-O 5. Nbd2 h6 6. e4 Bxg3 7. hxg3 d6 8. Bd3 Nc6 9. c3 e5 10. O-O Re8 11. Re1 Bg4 12. Qb3 Bxf3 13. Nxf3 Rb8 14. Rad1 a6 15. a4 Ng4 16. Qc4 Qf6 17. d5 Ne7 18. Qxc7 g5 19. Rd2 h5 20. Bf1 Rec8 21. Qb6 h4 22. gxh4 gxh4 23. Rd3 Ng6 24. Nd2 Rc5 25. Rf3 Qg5 26. Nb3 h3 27. Nxc5 hxg2 28. Bxg2 dxc5 29. Qxc5 Kg7 30. Rg3 Rh8 31. Qe3 Qh4 32. Rxg4 Qxg4 33. Qg3 Qh5 34. c4 Qh6 35. Rd1 Kf6 36. d6 Nf4 37. Kf1 a5 38. c5 Qh7 39. Qg4 Rg8 40. Qe6+ fxe6 0-1


[Site "https://www.chess.com"]

[Event "Titled Tuesday Blitz April 11 Early 2023"]
[White "Paravyan, David"]
[Black "Mitrabha, Guha"]
[WhiteFideId "4194985"]
[BlackFideId "5057000"]
[WhiteElo "2563"]
[BlackElo "2507"]
[Result "0-1"]
[Round "07"]
[TimeControl "180+2"]
[Date "2023.04.11"]
[WhiteClock "0:00:02"]
[BlackClock "0:00:20"]

1. d4 Nf6 2. Nf3 e6 3. Bf4 d5 4. e3 Bd6 5. Bxd6 Qxd6 6. c4 O-O 7. Nc3 a6 8. c5 Qe7 9. b4 Nbd7 10. Be2 c6 11. O-O e5 12. a4 Re8 13. b5 axb5 14. axb5 Rxa1 15. Qxa1 exd4 16. exd4 Ne4 17. Bd3 Ndf6 18. Re1 Bf5 19. h3 g6 20. Qa7 Kg7 21. g4 Nxg4 22. hxg4 Bxg4 23. Ne5 Qg5 24. f4 Qxf4 25. Bxe4 Qg3+ 26. Kf1 Bh3+ 27. Ke2 Qxc3 28. Qxb7 Rxe5 29. dxe5 dxe4 30. Rg1 Qd3+ 31. Kf2 Qf3+ 32. Ke1 e3 0-1


[Site "https://www.chess.com"]

[Event "Titled Tuesday Blitz April 11 Early 2023"]
[White "Oparin, Grigoriy"]
[Black "Kravtsiv, Martyn"]
[WhiteFideId "24125890"]
[BlackFideId "14113147"]
[WhiteElo "2647"]
[BlackElo "2695"]
[Result "0-1"]
[Round "07"]
[TimeControl "180+2"]
[Date "2023.04.11"]
[WhiteClock "0:00:23"]
[BlackClock "0:00:05"]

1. e4 e5 2. Nf3 Nc6 3. Bb5 a6 4. Ba4 Nf6 5. Nc3 Be7 6. Bxc6 dxc6 7. d3 Nd7 8. Be3 O-O 9. d4 exd4 10. Bxd4 Nc5 11. Qe2 Ne6 12. O-O-O Nxd4 13. Nxd4 Bg5+ 14. Kb1 Qe7 15. h4 Bf6 16. f4 c5 17. Nd5 Qd8 18. Nf3 c6 19. Nxf6+ Qxf6 20. e5 Qxf4 21. g3 Qxg3 22. Rdg1 Qf4 23. Qg2 g6 24. h5 Bf5 25. hxg6 fxg6 26. Rh4 Qxf3 27. Qxf3 Bxc2+ 28. Kxc2 Rxf3 29. Re1 Re8 30. a4 Re6 31. a5 Rf5 32. Rhe4 h5 33. Kc3 g5 34. Kc4 g4 35. Kxc5 Kg7 36. Kb6 Re7 37. b4 Kg6 38. e6 Kf6 39. Ka7 g3 40. Rg1 Rg5 41. Rf1+ Kg6 42. Rg1 Kf6 43. Rf1+ Rf5 44. Rg1 Rxe6 45. Rh4 Kg5 46. Rc4 h4 47. Kxb7 Rfe5 48. Kxa6 Re1 49. Rg2 R6e2 50. Rc5+ Kg4 51. Rxe2 Rxe2 52. Rxc6 g2 53. Rg6+ Kf5 54. Rg8 h3 55. b5 h2 56. b6 g1=Q 57. Rf8+ Kg6 58. b7 Rb2 59. Rg8+ Kf7 60. b8=Q Rxb8 61. Rxb8 0-1


[Site "https://www.chess.com"]

[Event "Titled Tuesday Blitz April 11 Early 2023"]
[White "Pranesh M"]
[Black "Nguyen, Ngoc Truong Son"]
[WhiteFideId "35028600"]
[BlackFideId "12401110"]
[WhiteElo "2437"]
[BlackElo "2556"]
[Result "1-0"]
[Round "07"]
[TimeControl "180+2"]
[Date "2023.04.11"]
[WhiteClock "0:00:05"]
[BlackClock "0:00:16"]

1. e4 e5 2. Nf3 Nf6 3. Nc3 Nc6 4. Bb5 Bb4 5. O-O Bxc3 6. bxc3 O-O 7. d3 d6 8. Bg5 Qe7 9. Nd2 h6 10. Bh4 Nd8 11. d4 Ne6 12. Nb3 g5 13. Bg3 Nxe4 14. dxe5 Nxg3 15. exd6 Qxd6 16. Qxd6 cxd6 17. hxg3 Nc7 18. Bd3 Be6 19. Nd4 Rac8 20. Rfe1 Rfe8 21. Nf5 Bxf5 22. Bxf5 Rcd8 23. Kf1 b6 24. Rad1 Rxe1+ 25. Kxe1 Kf8 26. Kd2 Re8 27. f4 Nd5 28. Rh1 Kg7 29. fxg5 hxg5 30. Rh7+ Kf6 31. Bg4 Ne3 32. Bh5 Nc4+ 33. Kd3 Ne5+ 34. Kd4 g4 35. Kd5 Rc8 36. Kxd6 Rxc3 37. Kd5 Rxc2 38. Rh6+ Kg5 39. Rh7 f6 40. Be8 Rd2+ 41. Ke6 Ng6 42. Rg7 Re2+ 43. Kd7 Rxe8 44. Kxe8 Kf5 45. Rxa7 Ne5 46. Rb7 Nc4 47. Ke7 Ke5 48. a4 f5 49. Rc7 Ne3 50. Rc6 Nxg2 51. Rxb6 f4 52. a5 fxg3 53. Rb5+ Kf4 54. a6 Ne3 55. a7 g2 56. Rb1 Nc4 57. a8=Q 1-0


[Site "https://www.chess.com"]

[Event "Titled Tuesday Blitz April 11 Early 2023"]
[White "Zakhartsov, Vladimir"]
[Black "Terry, Renato"]
[WhiteFideId "4145097"]
[BlackFideId "3803457"]
[WhiteElo "2497"]
[BlackElo "2575"]
[Result "1-0"]
[Round "07"]
[TimeControl "180+2"]
[Date "2023.04.11"]
[WhiteClock "0:00:05"]
[BlackClock "0:00:06"]

1. e4 e6 2. d4 d5 3. Nd2 Be7 4. c3 c5 5. e5 Nc6 6. Ndf3 cxd4 7. cxd4 Bb4+ 8. Bd2 Qb6 9. Bxb4 Qxb4+ 10. Qd2 Bd7 11. O-O-O Rc8 12. Qxb4 Nxb4+ 13. Kb1 Ne7 14. Ne2 Ba4 15. b3 Bd7 16. Rd2 O-O 17. Nf4 Ng6 18. Nxg6 fxg6 19. a3 Nc6 20. Ne1 Rc7 21. Nc2 g5 22. f3 Rfc8 23. Kb2 Na5 24. Bd3 Rc3 25. Na1 R3c7 26. h4 gxh4 27. Rxh4 h6 28. Nc2 a6 29. Rh1 Bb5 30. Bg6 Rc3 31. Na1 Re3 32. a4 Bxa4 33. bxa4 Nc4+ 34. Kc1 Ra3 35. Nc2 Nxd2 36. Kxd2 Rxa4 37. f4 Ra2 38. Rc1 b5 39. f5 Kf8 40. Kd1 Ke7 41. fxe6 Kxe6 42. Ne3 Rxc1+ 43. Kxc1 Re2 44. Bf5+ Kf7 45. Nxd5 g6 46. Bd7 Re4 47. Kc2 h5 48. Kd3 Re1 49. e6+ Rxe6 50. Bxe6+ Kxe6 51. Nc7+ Kf5 52. Nxa6 h4 53. Nb4 Kf4 54. d5 Ke5 55. Ke3 Kf5 56. Nd3 g5 57. Nb4 g4 58. Nd3 Kg5 59. Ke4 g3 60. Kf3 Kf5 61. Nb4 Kg5 62. Nc2 Kf6 63. Kg4 Ke5 64. Nb4 Kd6 65. Kxh4 Kc5 66. Kxg3 Kxb4 67. d6 Kc5 68. d7 b4 69. d8=Q 1-0


[Site "https://www.chess.com"]

[Event "Titled Tuesday Blitz April 11 Early 2023"]
[White "Zhigalko, Sergei"]
[Black "Vakhlamov, Igor L."]
[WhiteFideId "13502956"]
[BlackFideId "24126748"]
[WhiteElo "2626"]
[BlackElo "2400"]
[Result "1-0"]
[Round "07"]
[TimeControl "180+2"]
[Date "2023.04.11"]
[WhiteClock "0:00:21"]
[BlackClock "0:00:13"]

1. e4 c5 2. Nf3 e6 3. c3 d5 4. e5 d4 5. Bd3 Nc6 6. O-O Nge7 7. Re1 Ng6 8. g3 Qc7 9. Qe2 b6 10. h4 Bb7 11. Na3 Be7 12. h5 Nf8 13. Be4 a6 14. d3 Nd7 15. Bf4 dxc3 16. bxc3 g5 17. Nxg5 Bxg5 18. Bxg5 Ncxe5 19. Bf4 f6 20. d4 cxd4 21. cxd4 Bxe4 22. Qxe4 O-O 23. Rac1 Qd6 24. Nc4 Qd5 25. dxe5 fxe5 26. Qxd5 exd5 27. Nxe5 Nc5 28. Rcd1 Rad8 29. Nc6 Rd7 30. Rxd5 Rxd5 31. Ne7+ Kf7 32. Nxd5 b5 33. Re7+ Kg8 34. Be5 Rf5 35. h6 Nd3 36. Rg7+ Kf8 37. Bd6+ Ke8 38. Nc7+ Kd8 39. Ne6+ Kc8 40. Rc7+ Kb8 41. Rf7+ Kc8 42. Rxf5 Kd7 43. Ng5 Kxd6 44. Nxh7 Nf4 45. Rxf4 Kc5 46. Ng5 Kb6 47. h7 Ka5 48. h8=Q b4 49. Qb2 b3 50. Qa3+ Kb6 51. Qb4+ Kc6 52. Rf6+ Kd5 53. Qe4+ Kc5 54. Rf5+ Kb6 55. Qe6+ Kc7 56. Rf7+ Kd8 57. Qd7# 1-0


[Site "https://www.chess.com"]

[Event "Titled Tuesday Blitz April 11 Early 2023"]
[White "Kollars, Dmitrij"]
[Black "Svane, Frederik"]
[WhiteFideId "12909572"]
[BlackFideId "12923044"]
[WhiteElo "2584"]
[BlackElo "2502"]
[Result "0-1"]
[Round "07"]
[TimeControl "180+2"]
[Date "2023.04.11"]
[WhiteClock "0:00:02"]
[BlackClock "0:00:23"]

1. e4 e5 2. Nf3 Nc6 3. Bb5 Nf6 4. O-O Nxe4 5. Re1 Nd6 6. Bf1 Be7 7. Nxe5 Nxe5 8. Rxe5 O-O 9. Nc3 Bf6 10. Re1 b6 11. Nd5 Bb7 12. Nxf6+ Qxf6 13. d3 Rae8 14. Rxe8 Rxe8 15. c3 h6 16. Bd2 a5 17. Qg4 Nf5 18. Qf4 d6 19. h3 g5 20. Qc4 Re7 21. Re1 Rxe1 22. Bxe1 Qe7 23. Bd2 Nh4 24. Qg4 Kg7 25. c4 Kg6 26. d4 f5 27. Qg3 Qe4 28. Qe3 f4 29. Qxe4+ Bxe4 30. f3 Bxf3 31. Bd3+ Kh5 32. d5 Bxg2 33. Bc3 Bxh3 34. Bf6 Bf5 35. Bf1 g4 36. Bd8 g3 37. Bxc7 f3 38. Bxb6 Be4 39. a3 Ng6 40. b4 axb4 41. axb4 Ne5 42. Bd4 Ng4 43. Bh3 f2+ 0-1


[Site "https://www.chess.com"]

[Event "Titled Tuesday Blitz April 11 Early 2023"]
[White "Narayanan, Srinath"]
[Black "Movahed, Sina"]
[WhiteFideId "5018420"]
[BlackFideId "42520835"]
[WhiteElo "2438"]
[BlackElo "2225"]
[Result "1-0"]
[Round "07"]
[TimeControl "180+2"]
[Date "2023.04.11"]
[WhiteClock "0:01:00"]
[BlackClock "0:00:01"]

1. Nf3 Nf6 2. c4 g6 3. g3 Bg7 4. Bg2 O-O 5. O-O d6 6. d4 Nbd7 7. Nc3 e5 8. e4 exd4 9. Nxd4 Re8 10. h3 Nc5 11. Re1 h6 12. Rb1 a5 13. b3 c6 14. Bf4 Nh7 15. Qd2 g5 16. Be3 Nf6 17. Qc2 Qe7 18. Rbd1 a4 19. b4 Ncxe4 20. Nxe4 Nxe4 21. Bxe4 Qxe4 22. Bd2 Qxe1+ 23. Bxe1 Bxd4 24. Rxd4 Rxe1+ 25. Kg2 Be6 26. Rxd6 a3 27. Rd4 Re5 28. Qd2 Kg7 29. Qc3 Kg8 30. h4 g4 31. Qd2 h5 32. Qf4 Rf5 33. Qc7 b5 34. Qxc6 1-0


[Site "https://www.chess.com"]

[Event "Titled Tuesday Blitz April 11 Early 2023"]
[White "Gholami Orimi, Mahdi"]
[Black "Aravindh, Chithambaram VR."]
[WhiteFideId "12558486"]
[BlackFideId "5072786"]
[WhiteElo "2363"]
[BlackElo "2596"]
[Result "1-0"]
[Round "07"]
[TimeControl "180+2"]
[Date "2023.04.11"]
[WhiteClock "0:00:04"]
[BlackClock "0:00:01"]

1. d4 g6 2. c4 Bg7 3. Nc3 d6 4. Nf3 c5 5. dxc5 dxc5 6. Qxd8+ Kxd8 7. Be3 Bxc3+ 8. bxc3 b6 9. O-O-O+ Ke8 10. g3 Bb7 11. Bh3 Nf6 12. Rd3 Be4 13. Rd2 Nc6 14. Rhd1 Bxf3 15. exf3 Ne5 16. Bh6 Nxc4 17. Re2 e6 18. Bg7 Ke7 19. Bxh8 Rxh8 20. Kc2 h5 21. Kb3 Na5+ 22. Ka4 h4 23. Bf1 Nb7 24. Red2 Nd5 25. Kb3 Na5+ 26. Kb2 hxg3 27. hxg3 Rh1 28. Bb5 Rh2 29. c4 Nf6 30. Kc3 g5 31. Kd3 g4 32. Ke3 gxf3 33. Kxf3 Rh5 34. Rd8 Rf5+ 35. Kg2 Ng4 36. R1d2 Ne5 37. f4 Nexc4 38. R2d7+ Kf6 39. Rxa7 e5 40. Bd7 Rh5 41. Be8 Rh7 42. Rdd7 exf4 43. Rxf7+ Rxf7 44. Rxf7+ Ke6 45. Rxf4 Ne5 46. Bb5 c4 47. Rd4 c3 48. Ba4 Nac4 49. Kf2 b5 50. Bb3 Kf5 51. Ke2 Na5 52. Bc2+ Kf6 53. Rd5 1-0


[Site "https://www.chess.com"]

[Event "Titled Tuesday Blitz April 11 Early 2023"]
[White "Anton Guijarro, David"]
[Black "Srihari L R"]
[WhiteFideId "2285525"]
[BlackFideId "46617116"]
[WhiteElo "2618"]
[BlackElo "2334"]
[Result "1-0"]
[Round "07"]
[TimeControl "180+2"]
[Date "2023.04.11"]
[WhiteClock "0:00:33"]
[BlackClock "0:00:04"]

1. d4 Nf6 2. Nf3 e6 3. Bg5 b6 4. e4 Bb7 5. e5 h6 6. Bc1 Ng8 7. Bd3 d5 8. O-O c5 9. c3 Nd7 10. Re1 Ne7 11. Nbd2 g6 12. Nf1 c4 13. Bc2 b5 14. h4 Nc6 15. h5 g5 16. N3h2 Be7 17. Ng4 a5 18. f4 gxf4 19. Bxf4 Bg5 20. Qd2 Bxf4 21. Qxf4 Qg5 22. Qxg5 hxg5 23. Ng3 Ke7 24. Rf1 Rag8 25. Rf2 Nd8 26. b3 Bc6 27. h6 Nb6 28. Nh5 Rf8 29. h7 Nd7 30. Nhf6 Nxf6 31. Nxf6 b4 32. Rf3 bxc3 33. Rxc3 Bb5 34. bxc4 Bxc4 35. Bb3 Nc6 36. Bxc4 dxc4 37. Rxc4 Rc8 38. Rac1 Na7 39. Rxc8 1-0


[Site "https://www.chess.com"]

[Event "Titled Tuesday Blitz April 11 Early 2023"]
[White "So, Wesley"]
[Black "Urazayev, Arystanbek"]
[WhiteFideId "5202213"]
[BlackFideId "13709810"]
[WhiteElo "2749"]
[BlackElo "2449"]
[Result "1-0"]
[Round "07"]
[TimeControl "180+2"]
[Date "2023.04.11"]
[WhiteClock "0:01:08"]
[BlackClock "0:00:27"]

1. d4 Nf6 2. Nf3 e6 3. Bf4 d5 4. e3 c5 5. Nbd2 Nc6 6. c3 Nh5 7. Bg5 Qb6 8. Rb1 h6 9. Bh4 g5 10. Bg3 Nxg3 11. hxg3 Bg7 12. Bd3 Bd7 13. O-O g4 14. Nh4 h5 15. b4 cxb4 16. cxb4 O-O-O 17. Nb3 Kb8 18. Nc5 Bc8 19. Qe2 Ne7 20. a4 Qd6 21. a5 Bf6 22. Rfc1 e5 23. dxe5 Qxe5 24. b5 d4 25. e4 Bxh4 26. gxh4 g3 27. b6 gxf2+ 28. Qxf2 a6 29. Bxa6 bxa6 30. b7 Be6 31. Nxa6+ Ka7 32. Qb2 1-0


[Site "https://www.chess.com"]

[Event "Titled Tuesday Blitz April 11 Early 2023"]
[White "Lobanov, Sergei"]
[Black "Sadhwani, Raunak"]
[WhiteFideId "24183750"]
[BlackFideId "35093487"]
[WhiteElo "2489"]
[BlackElo "2631"]
[Result "0-1"]
[Round "07"]
[TimeControl "180+2"]
[Date "2023.04.11"]
[WhiteClock "0:00:11"]
[BlackClock "0:00:25"]

1. d4 g6 2. e4 Bg7 3. Nc3 d6 4. f4 Nf6 5. Nf3 c5 6. dxc5 Qa5 7. Qd4 dxc5 8. Bb5+ Qxb5 9. Qxf6 Bxf6 10. Nxb5 Na6 11. c3 Bd7 12. a4 Bg7 13. Be3 O-O 14. Kf2 Bc6 15. e5 b6 16. Rhe1 f6 17. exf6 Bxf6 18. Kg3 Bxb5 19. axb5 Nc7 20. c4 Bxb2 21. Ra2 Bf6 22. Ne5 Bxe5 23. fxe5 a6 24. Rd2 axb5 25. Rd7 Rac8 26. cxb5 Kf7 27. Bg5 Rfe8 28. e6+ Nxe6 29. Rf1+ Kg8 30. Re1 Nxg5 0-1


[Site "https://www.chess.com"]

[Event "Titled Tuesday Blitz April 11 Early 2023"]
[White "Asis Gargatagli, Hipolito"]
[Black "Kramnik, Vladimir"]
[WhiteFideId "2260735"]
[BlackFideId "4101588"]
[WhiteElo "2557"]
[BlackElo "2712"]
[Result "0-1"]
[Round "07"]
[TimeControl "180+2"]
[Date "2023.04.11"]
[WhiteClock "0:01:30"]
[BlackClock "0:00:13"]

1. e4 c5 2. Nf3 d6 3. Bc4 Nf6 4. d3 e6 5. O-O Nc6 6. a4 Be7 7. Bb3 d5 8. e5 Nd7 9. Re1 O-O 10. c3 Rb8 11. d4 b5 12. axb5 Rxb5 13. Bc2 c4 14. Nbd2 Ra5 15. Rb1 Nb6 16. Nf1 Bd7 17. h4 Bxh4 18. Ne3 f5 19. exf6 Bxf6 20. Ng4 Ne7 21. Nxf6+ gxf6 22. Bh6 Rf7 23. Nh4 Kh8 24. Re3 Qe8 25. Qh5 Rf8 26. Qf3 Rf7 27. Rbe1 Ra2 28. Rxe6 Bxe6 29. Rxe6 Rxb2 30. Ng6+ hxg6 31. Bxg6 Qg8 32. Rxf6 Qxg6 33. Rxf7 Rb1+ 34. Kh2 Qxh6+ 35. Kg3 Qg5+ 0-1


[Site "https://www.chess.com"]

[Event "Titled Tuesday Blitz April 11 Early 2023"]
[White "Real_OceanStorm"]
[Black "Martinez Alcantara, Jose Eduardo"]
[BlackFideId "3805662"]
[WhiteElo "2808"]
[BlackElo "2711"]
[Result "1-0"]
[Round "07"]
[TimeControl "180+2"]
[Date "2023.04.11"]
[WhiteClock "0:00:03"]
[BlackClock "0:00:06"]

1. b3 d5 2. Bb2 Bf5 3. Nf3 Nf6 4. d3 e6 5. g3 h6 6. Nbd2 Bh7 7. c4 Be7 8. Bg2 O-O 9. O-O c6 10. Re1 Nbd7 11. h3 a5 12. Rc1 a4 13. Qc2 Bd6 14. cxd5 cxd5 15. e4 Bb4 16. e5 Ne8 17. Red1 axb3 18. Qxb3 Be7 19. d4 Rb8 20. a4 Nc7 21. Ba3 Bxa3 22. Qxa3 b5 23. a5 Na6 24. Rc6 Ra8 25. Rd6 Qc7 26. Bf1 Qb7 27. Qb2 Rfb8 28. Rc1 Bg6 29. h4 Bf5 30. Be2 b4 31. Rcc6 Nc7 32. a6 Qc8 33. Nb3 Ra7 34. Nc5 Nxc5 35. dxc5 Qe8 36. Rb6 Rba8 37. Nd4 Nxa6 38. Rxa6 Rxa6 39. Rxa6 Rxa6 40. Bxa6 Qa4 41. Be2 Be4 42. c6 Qa5 43. Qc1 Qc7 44. Nb5 Qc8 45. c7 b3 46. Qc3 Bc2 47. Nd6 b2 48. Nxc8 b1=Q+ 49. Bf1 Be4 50. Ne7+ Kh7 51. c8=Q h5 52. Qg8+ Kh6 53. Qd2+ g5 54. Qdxg5# 1-0


[Site "https://www.chess.com"]

[Event "Titled Tuesday Blitz April 11 Early 2023"]
[White "Cornette, Matthieu"]
[Black "Xiong, Jeffery"]
[WhiteFideId "620084"]
[BlackFideId "2047640"]
[WhiteElo "2478"]
[BlackElo "2726"]
[Result "0-1"]
[Round "07"]
[TimeControl "180+2"]
[Date "2023.04.11"]
[WhiteClock "0:00:10"]
[BlackClock "0:00:23"]

1. e4 e6 2. Nc3 d5 3. Nf3 Nf6 4. e5 Nfd7 5. d4 c5 6. dxc5 Bxc5 7. Bd3 Nc6 8. Bf4 Be7 9. h4 Nc5 10. h5 h6 11. a3 b6 12. Rh3 Nxd3+ 13. Qxd3 Bb7 14. Rg3 Kf8 15. Ne2 a5 16. Ned4 Qd7 17. Nxc6 Bxc6 18. Nd4 Bb7 19. Rf3 Ke8 20. Rg3 Kf8 21. O-O-O Ba6 22. Qd2 Rc8 23. Re1 Qa4 24. Ree3 Bc5 25. Nxe6+ fxe6 26. Ref3 Ke8 27. Rxg7 Qd4 28. Qxd4 Bxd4 29. Rg6 Kd7 30. c3 Be2 31. Rh3 Bxf2 32. Kd2 Bc4 33. Bxh6 d4 34. Bg7 Rh7 35. h6 Be3+ 36. Ke1 Bd5 37. Rg4 dxc3 38. bxc3 Bc1 39. a4 Rc4 40. Rg6 Rxa4 41. Bf6 Be4 42. Rg7+ Kc6 43. Rh4 Rxh6 44. Rxh6 Bxh6 0-1


[Site "https://www.chess.com"]

[Event "Titled Tuesday Blitz April 11 Early 2023"]
[White "Rakhmatullaev, Almas"]
[Black "Goltsev, Dmitry"]
[WhiteFideId "14205793"]
[BlackFideId "24176710"]
[WhiteElo "2221"]
[BlackElo "2336"]
[Result "0-1"]
[Round "07"]
[TimeControl "180+2"]
[Date "2023.04.11"]
[WhiteClock "0:00:02"]
[BlackClock "0:01:07"]

1. e4 e6 2. d4 d5 3. Nc3 c5 4. exd5 exd5 5. Nf3 Nf6 6. Bb5+ Nc6 7. O-O Be7 8. dxc5 Bxc5 9. Re1+ Be6 10. Be3 Bxe3 11. Rxe3 O-O 12. Nd4 Bd7 13. Be2 Qb6 14. Nxc6 bxc6 15. Na4 Qa5 16. Ra3 Rfe8 17. c3 Bf5 18. Bd3 Bxd3 19. Qxd3 Re4 20. b4 Qc7 21. Nc5 Re7 22. h3 Rae8 23. Rf1 Re1 24. g3 R1e5 25. Ra6 Re2 26. Qf3 h5 27. Qf4 Qxf4 28. gxf4 Ne4 29. Nxe4 R8xe4 30. Rxa7 Rxf4 31. a4 Rf3 32. a5 Rxc3 33. Rc7 Ra2 34. Re1 Rf3 35. Rf1 Rf6 36. Kg2 Kh7 37. Kg3 g5 38. Rb7 Kg6 39. Kg2 Rf4 40. Rb6 Rf6 41. Kg1 g4 42. hxg4 hxg4 43. Rc1 Rfxf2 44. Rbxc6+ Kg5 45. R6c3 f5 46. a6 f4 47. a7 g3 48. a8=Q Rxa8 49. Rd3 Rd8 50. Rcd1 Kg4 51. b5 Rb2 52. Rxd5 Rxd5 53. Rxd5 f3 54. Kf1 Rb1+ 0-1


[Site "https://www.chess.com"]

[Event "Titled Tuesday Blitz April 11 Early 2023"]
[White "Makarian, Rudik"]
[Black "Molina, Roberto Junio Brito"]
[WhiteFideId "44105681"]
[BlackFideId "2109450"]
[WhiteElo "2430"]
[BlackElo "2376"]
[Result "1-0"]
[Round "07"]
[TimeControl "180+2"]
[Date "2023.04.11"]
[WhiteClock "0:01:45"]
[BlackClock "0:01:02"]

1. d4 d5 2. c4 c6 3. Nf3 Nf6 4. Nc3 dxc4 5. g3 b5 6. Bg2 Bb7 7. Ne5 a6 8. O-O e6 9. b3 b4 10. bxc4 bxc3 11. Rb1 Bc8 12. c5 Nd5 13. e4 Nc7 14. Bf4 Be7 15. Rxb8 Rxb8 16. Nxc6 Rb2 17. Nxd8 Bxd8 18. Qd3 Rxa2 19. Qxc3 O-O 20. d5 exd5 21. exd5 Nb5 22. Qc4 Ra3 23. d6 Be6 24. Bd5 Rc3 25. Bxe6 Rxc4 26. Bxc4 Nd4 27. Rd1 Nc6 28. Bd5 Nb4 29. c6 1-0


[Site "https://www.chess.com"]

[Event "Titled Tuesday Blitz April 11 Early 2023"]
[White "Dehtiarov, Roman"]
[Black "Eljanov, Pavel"]
[WhiteFideId "14186640"]
[BlackFideId "14102951"]
[WhiteElo "2189"]
[BlackElo "2598"]
[Result "0-1"]
[Round "07"]
[TimeControl "180+2"]
[Date "2023.04.11"]
[WhiteClock "0:00:01"]
[BlackClock "0:00:20"]

1. d4 Nf6 2. c4 e6 3. Nf3 b6 4. g3 Bb7 5. Bg2 Bb4+ 6. Bd2 Be7 7. Nc3 c6 8. O-O d5 9. Ne5 Nbd7 10. Bg5 h6 11. Bxf6 Nxf6 12. e4 O-O 13. exd5 cxd5 14. cxd5 Nxd5 15. Qb3 Rc8 16. Nxd5 Bxd5 17. Bxd5 Qxd5 18. Qxd5 exd5 19. Rac1 Bd6 20. f4 Rfe8 21. Kf2 f6 22. Nf3 a5 23. h4 h5 24. Rfe1 Kf7 25. a3 a4 26. Rxe8 Rxc1 27. Re2 b5 28. Ne1 Rd1 29. Nc2 Kg6 30. Ke3 Rb1 31. Ne1 Kf5 32. Kf3 Kg6 33. Nc2 Rxb2 34. f5+ Kf7 35. Ne3 Rb3 36. g4 Rxa3 37. g5 g6 38. gxf6 Kxf6 39. fxg6 Kxg6 40. Rg2+ Kf7 41. Rg5 Rb3 42. Rxd5 Bf8 43. Ke4 a3 44. Rf5+ Ke8 45. Rf1 b4 46. Ra1 Rxe3+ 47. Kxe3 b3 48. Kd3 Bb4 49. Rg1 a2 50. Kc4 b2 0-1


[Site "https://www.chess.com"]

[Event "Titled Tuesday Blitz April 11 Early 2023"]
[White "Drygalov, Andrey"]
[Black "Cherniaiev, Tykhon"]
[WhiteFideId "24171735"]
[BlackFideId "14182360"]
[WhiteElo "2466"]
[BlackElo "2450"]
[Result "1/2-1/2"]
[Round "07"]
[TimeControl "180+2"]
[Date "2023.04.11"]
[WhiteClock "0:00:13"]
[BlackClock "0:00:10"]

1. d4 Nf6 2. c4 e6 3. Nc3 d5 4. Nf3 Be7 5. g3 O-O 6. Bg2 c5 7. cxd5 Nxd5 8. Nxd5 Qxd5 9. O-O Nc6 10. dxc5 Bxc5 11. Qxd5 exd5 12. Rd1 d4 13. Bf4 Re8 14. Rac1 Bb6 15. Kf1 Be6 16. b3 h6 17. Nd2 Rad8 18. Nc4 Bxc4 19. Rxc4 g5 20. Bxc6 bxc6 21. Bc1 Re6 22. Ba3 Rd5 23. Rd2 Rf5 24. f3 Re3 25. g4 Rf6 26. Bb2 c5 27. Kf2 Rfe6 28. Rcc2 c4 29. Bxd4 Bxd4 30. Rxd4 cxb3 31. axb3 Rxb3 32. Rd7 a5 33. Rc8+ Kg7 34. Rcc7 Rb2 35. Rxf7+ Kg8 36. Rfd7 Rexe2+ 37. Kf1 Re8 38. Rg7+ Kh8 39. Rh7+ Kg8 40. Rcg7+ Kf8 41. Ra7 Kg8 42. Rxh6 Rf8 43. Rg6+ Kh8 44. Rh6+ Kg8 45. Rg6+ Kh8 46. Rxg5 Rxf3+ 47. Kg1 Rc3 48. Rh5+ Kg8 49. Rg5+ Kh8 50. Rf5 Rc1+ 51. Rf1 Rxf1+ 52. Kxf1 Rxh2 53. Rxa5 Kg7 54. Kg1 Rb2 55. Rf5 Kg6 56. Re5 Rb4 57. Kf2 Rxg4 58. Kf3 Rg5 59. Re6+ Kf7 60. Re1 Rf5+ 61. Kg4 Ra5 62. Re4 Kf6 63. Rf4+ Kg6 64. Rc4 Rg5+ 65. Kf4 Rf5+ 66. Ke4 Rf1 67. Rc6+ Kg5 68. Rc5+ Kg4 69. Kd5 Rf5+ 70. Kc6 Rxc5+ 71. Kxc5 1/2-1/2


[Site "https://www.chess.com"]

[Event "Titled Tuesday Blitz April 11 Early 2023"]
[White "Ioannidis, Evgenios"]
[Black "Ibarra Jerez, Jose Carlos"]
[WhiteFideId "4229274"]
[BlackFideId "2226332"]
[WhiteElo "2386"]
[BlackElo "2638"]
[Result "0-1"]
[Round "07"]
[TimeControl "180+2"]
[Date "2023.04.11"]
[WhiteClock "0:00:39"]
[BlackClock "0:01:15"]

1. d4 Nf6 2. c4 d6 3. Nf3 g6 4. g3 Bg7 5. Bg2 O-O 6. Nc3 Bf5 7. Nh4 Bc8 8. Nf3 Nc6 9. O-O Bf5 10. d5 Na5 11. Nd2 c6 12. e4 Bg4 13. f3 Bd7 14. b4 Qb6+ 15. Kh1 Qxb4 16. Qc2 Nxd5 17. Nxd5 cxd5 18. Rb1 Qc5 19. exd5 Bf5 20. Ne4 Qc7 21. c5 Qxc5 22. Qxc5 dxc5 23. Bg5 Rfe8 24. Rbd1 Bxe4 25. fxe4 Be5 26. Bh3 Rad8 27. Bh6 Bg7 28. Be3 b6 29. Bg5 h6 30. Bf4 Nc4 31. Bc7 Ne3 32. Bxd8 Rxd8 33. Rfe1 Nxd1 34. Rxd1 c4 35. Kg2 Bb2 36. Rd4 0-1


[Site "https://www.chess.com"]

[Event "Titled Tuesday Blitz April 11 Early 2023"]
[White "Rodshtein, Maxim"]
[Black "Rustemov, Alexander"]
[WhiteFideId "2806851"]
[BlackFideId "4119002"]
[WhiteElo "2555"]
[BlackElo "2887"]
[Result "1/2-1/2"]
[Round "07"]
[TimeControl "180+2"]
[Date "2023.04.11"]
[WhiteClock "0:00:19"]
[BlackClock "0:00:12"]

1. b3 d5 2. e3 Nf6 3. Bb2 Bf5 4. Nf3 e6 5. c4 h6 6. Nc3 c6 7. d4 Nbd7 8. Bd3 Bxd3 9. Qxd3 Bb4 10. O-O O-O 11. Rfd1 Qe7 12. a3 Bd6 13. e4 dxe4 14. Nxe4 Nxe4 15. Qxe4 Rfe8 16. Re1 Rad8 17. g3 a6 18. Re3 Nf6 19. Qc2 Qc7 20. Rd1 Be7 21. Ne5 Nd7 22. Nd3 Bg5 23. Re2 Bf6 24. Nf4 g6 25. h4 Nf8 26. Red2 h5 27. d5 Bxb2 28. Qxb2 cxd5 29. cxd5 e5 30. d6 Qd7 31. Nd5 Qxd6 32. Ne3 Qe7 33. Rxd8 Rxd8 34. Rxd8 Qxd8 35. Qxe5 Ne6 36. Nd5 Kh7 37. b4 Kh6 38. Kg2 b5 39. Qe3+ Kh7 40. Qe5 Kh6 41. Kh2 Qc8 42. Qf6 Qf8 43. Ne3 Kh7 44. Qe5 Qg7 45. Qd6 Qb2 46. Kg2 Qxa3 47. Nd5 Qb2 48. Qxa6 Qd4 49. Qxb5 Qe4+ 50. Kg1 Kg7 51. Ne3 Nd4 52. Qd5 Nf3+ 53. Kf1 Nh2+ 54. Ke2 Qxb4 55. Qe5+ Kg8 56. Nd5 Qc4+ 57. Kd1 Qf1+ 58. Kc2 Qxf2+ 59. Kc3 Qc5+ 60. Kd3 Qb5+ 61. Kc3 Qc5+ 62. Kd3 Qb5+ 63. Kc3 Qa5+ 64. Kc4 Qa6+ 65. Kc5 Qc8+ 66. Kd6 Qf8+ 67. Ne7+ Kh7 68. Kd7 Ng4 69. Qf4 Qg7 70. Nd5 f6+ 71. Ke6 Nh6 72. Nxf6+ Kh8 73. Qb8+ Ng8 74. Qxg8+ Qxg8+ 75. Nxg8 Kxg8 76. Kf6 Kh7 77. Kf7 Kh6 78. Kg8 g5 79. Kf7 gxh4 80. gxh4 Kh7 81. Kf6 Kh6 82. Kf5 Kg7 83. Kg5 Kh7 84. Kxh5 Kg7 85. Kg5 Kh7 86. h5 Kg7 87. h6+ Kh7 88. Kh5 Kh8 89. Kg6 Kg8 90. h7+ Kh8 91. Kh6 1/2-1/2


[Site "https://www.chess.com"]